 Dungeon Crawl Stone Soup version 0.31.0-12-g77e489cdc1 (webtiles) character file.

Game seed: 1297353948503142302

460 sking99 the Chiller (level 7, -1/70 HPs)
             Began as an Oni Ice Elementalist on Feb 24, 2024.
             Was an Initiate of Sif Muna.
             Slain by an ice beast (13 damage)
             ... on level 5 of the Dungeon.
             The game lasted 00:10:35 (4589 turns).

sking99 the Chiller (Oni Ice Elementalist)          Turns: 4589, Time: 00:10:36

Health: -1/70      AC:  3    Str: 13    XL:     7   Next: 7%
Magic:  5/13       EV:  9    Int: 18    God:    Sif Muna [......]
Gold:   240        SH:  0    Dex:  9    Spells: 4/14 levels left

rFire   . . .        h - staff of air
rCold   . . .        (no shield)
rNeg    . . .        a - +0 robe
rPois   .            (helmet restricted)
rElec   +            (no cloak)
rCorr   .            (gloves unavailable)
SInv    .            (boots unavailable)
Will    .....        (no amulet)
Stlth   +            (no ring)
HPRegen 0.31/turn    (no ring)
MPRegen 0.13/turn

%: no passive effects
@: no status effects
A: large, unfitting armour, horns 1, tough skin 1, double potion healing,
drunken brawling
a: Renounce Religion


You were on level 5 of the Dungeon.
You worshipped Sif Muna.
Sif Muna was noncommittal.
You visited 2 branches of the dungeon, and saw 6 of its levels.

You collected 240 gold pieces.

Inventory:

Armour
 a - a +0 robe (worn)
Magical Staves
 h - a staff of air (weapon)
Jewellery
 j - a ring of protection from fire
Scrolls
 c - 2 scrolls of fog
 m - a scroll of teleportation
Potions
 b - a potion of magic
 d - a potion of mutation {unknown}
 i - 3 potions of haste
 k - 2 potions of enlightenment
 n - 4 potions of might
 o - a potion of invisibility
 p - 3 potions of curing
 q - a potion of brilliance {unknown}
 r - a potion of berserk rage {unknown}


   Skills:
 + Level 4.1 Fighting
 + Level 1.7 Staves
 - Level 1.7 Dodging
 - Level 1.4 Stealth
 + Level 4.2 Spellcasting
 * Level 5.7 Ice Magic
 + Level 1.1 Invocations


You had 4 spell levels left.
You knew the following spells:

 Your Spells              Type           Power      Damage    Failure   Level
a - Freeze                Ice            96%        1d10      1%          1
b - Frozen Ramparts       Ice            48%        1d8       4%          3
c - Ozocubu's Armour      Ice            24%        N/A       4%          3
d - Hailstorm             Conj/Ice       14%        3d6       13%         3

Your spell library contained the following spells:

 Spells                   Type           Power      Damage    Failure   Level
 Ensorcelled Hibernation  Hex/Ice        28%        N/A       7%          2
 Summon Ice Beast         Ice/Summ       14%        N/A       13%         3
 Inner Flame              Hex/Fire       3%         N/A       41%         3
 Passwall                 Erth           3%         N/A       41%         3
 Swiftness                Air            5%         N/A       41%         3
 Tukima's Dance           Hex            3%         N/A       41%         3
 Dimensional Bullseye     Hex/Tloc       1%         N/A       82%         4
 Flame Wave               Conj/Fire      3%         2d5       82%         4
 Iskenderun's Mystic Bla  Conj/Tloc      3%         2d3       82%         4
 Sticky Flame             Fire/Alch      3%         2d4       82%         4
 Sculpt Simulacrum        Ice/Alch       7%         N/A       100%        6


Dungeon Overview and Level Annotations

Branches:
Dungeon (5/15)             Temple (1/1) D:4

Altars:
Cheibriados
Dithmenos
Elyvilon
Fedhas
Gozag
Kikubaaqudgha
Makhleb
Okawaru
Qazlal
Ru
Sif Muna
Trog
Uskayaw
Vehumet
Xom
Yredelemnul
Zin
The Shining One


Innate Abilities, Weirdness & Mutations

You are too large for most types of armour.
You have a pair of small horns on your head.
You have tough skin. (AC +1)
You gain doubled healing and magic from potions.
Whenever you drink a healing potion, you attack all around you.


Message History

Aiming: Freeze (safe; 1% risk of failure)
Press: ? - help, Shift-Dir - straight line, f/p - orc
Aim: an orc, wielding a +0 mace and wearing a +0 leather armour (almost dead)
You freeze the orc.
You kill the orc!
Sif Muna accepts your kill.
Casting: Freeze (safe; 1% risk of failure)
Confirm with . or Enter, or press ? or * to list all spells.
Aiming: Freeze (safe; 1% risk of failure)
Press: ? - help, Shift-Dir - straight line, f - ice beast
Aim: an ice beast You freeze the ice beast but do no damage.
The ice beast completely resists.
The ice beast hits you but does no damage.
Okay, then.
You closely miss the ice beast.
You headbutt the ice beast, but do no damage.
The ice beast barely misses you.
You barely miss the ice beast. You headbutt the ice beast!
The ice beast is moderately wounded.
The ice beast hits you. The ice beast freezes you!
You completely miss the ice beast.
You headbutt the ice beast, but do no damage.
The ice beast is moderately wounded.
The ice beast hits you but does no damage.
You closely miss the ice beast.
The ice beast is moderately wounded.
The ice beast hits you. The ice beast freezes you!
The ice beast closely misses you.
You hit the ice beast.
You headbutt the ice beast, but do no damage.
The ice beast is moderately wounded.
The ice beast hits you. The ice beast freezes you!
* * * LOW HITPOINT WARNING * * *
You closely miss the ice beast. Your headbutt misses the ice beast.
The ice beast is moderately wounded.
The ice beast hits you.
* * * LOW HITPOINT WARNING * * *
The ice beast freezes you!
You die...

#.# #.#
#.#######.#
#.........#
#.#######.#
#.#######.# ###
#.......#.####
....
#######.#....#
.....
####.#....##......
#.......@Y')......
#.##......##.....>
#.##.†....# .....
#.##......# ....
#.##......# ...
#####.##.>....# ..
#......#..##### .
#.###..#..# #.#
#..#..#


You could see an ice beast.

Vanquished Creatures
  A black bear (D:2)
  A scorpion (D:5)
  A howler monkey (D:4)
  A bombardier beetle (D:4)
  A sleepcap (D:4)
  2 iguanas
  An orc wizard (D:5)
  A hound zombie (D:2)
  An adder (D:2)
  2 adder skeletons (D:2)
  4 dart slugs
  5 ribbon worms
  7 orcs
  7 ball pythons
  A bat skeleton (D:2)
  9 endoplasms
  A giant cockroach (D:4)
  6 goblins
  4 hobgoblins
  2 jackals (D:1)
  A quokka (D:1)
  A ball python skeleton (D:2)
  4 bats
  4 frilled lizards
  8 kobolds
  A rat (D:1)
77 creatures vanquished.

Notes
Turn   | Place    | Note
-------+----------+-------------------------------------------
     0 | D:1      | sking99 the Oni Ice Elementalist began the quest for the
                  | Orb.
     0 | D:1      | Reached XP level 1. HP: 16/16 MP: 3/3
    70 | D:1      | Found a faded altar of an unknown god.
   171 | D:1      | Reached XP level 2. HP: 26/26 MP: 1/5
   262 | D:1      | Reached skill level 1 in Fighting
   476 | D:1      | Reached skill level 4 in Ice Magic
   649 | D:1      | Reached XP level 3. HP: 31/33 MP: 0/7
  1104 | D:2      | Noticed a black bear
  1255 | D:1      | Learned a level 3 spell: Frozen Ramparts
  1259 | D:1      | Learned a level 3 spell: Ozocubu's Armour
  1292 | D:2      | Reached XP level 4. HP: 16/42 MP: 0/8
  1494 | D:2      | Killed a black bear
  1495 | D:2      | Reached XP level 5. HP: 45/53 MP: 0/10
  1639 | D:2      | Found a glowing golden altar of the Shining One.
  1953 | D:2      | Reached skill level 5 in Ice Magic
  3347 | D:4      | Reached XP level 6. HP: 41/61 MP: 6/11
  3387 | D:4      | Learned a level 3 spell: Hailstorm
  3559 | D:4      | Reached skill level 1 in Staves
  3733 | D:4      | Found a sacrificial altar of Ru.
  3937 | D:4      | Found a staircase to the Ecumenical Temple.
  3957 | Temple   | Entered the Ecumenical Temple
  3979 | Temple   | Became a worshipper of Sif Muna the Loreminder
  4305 | D:5      | Entered Level 5 of the Dungeon
  4572 | D:5      | Reached skill level 1 in Invocations
  4572 | D:5      | Reached XP level 7. HP: 57/70 MP: 6/13
  4589 | D:5      | Slain by an ice beast

Illustrated notes

Levels and vault maps discovered:
D:1:      dpeg_arrival_orchard, layout_basic, ebering_ecumenical_altar_petrified
D:2:      layout_rooms, basic_altar, serial_undead, serial_undead_d,
          serial_undead_e, serial_undead_f, serial_undead_d
D:3:      layout_basic
D:4:      layout_cave_pools, mainiacjoe_overflow_brackets, temple_hall,
          minmay_distorted
D:5:      gammafunk_cloud_chamber, layout_basic, grunt_nemelex_the_gamble,
          enter_ossuary_4, serial_bayou_pond_d, minmay_misc_feat_ornament
Temple:   nicolae_temple_elliptical

Skill      XL: |  1  2  3  4  5  6 |
---------------+-------------------+-----
Fighting       | 1 2 3 4 |  4.1
Ice Magic      | 4 5 |  5.7
Spellcasting   | 3 4 |  4.2
Staves         | 1 |  1.7
Invocations    | 1 |  1.1
Dodging        | |  1.7
Stealth        | |  1.4

Action                     |  1- 3 |  4- 6 |  7- 9 || total
---------------------------+-------+-------+-------++-------
  Melee: Unarmed           |     9 |       |       ||     9
         Headbutt          |     5 |     4 |     4 ||    13
         Staff             |     8 |    30 |     6 ||    44
   Cast: Freeze            |    56 |    94 |     4 ||   154
         Frozen Ramparts   |     1 |     6 |       ||     7
         Hailstorm         |       |     1 |       ||     1
    Use: Scroll            |       |    12 |       ||    12
 Armour: Robe              |    52 |    86 |     7 ||   145
  Dodge: Dodged            |    25 |    39 |     3 ||    67
